 Dungeon Crawl Stone Soup version 0.31-a0-1074-g0b22e4e0f1 (webtiles) character file.

Game seed: 9127732645755848915

623 javelincjr the Changeling (level 7, -2/46 HPs)
             Began as an Octopode Shapeshifter on Nov 27, 2023.
             Was a Believer of Qazlal.
             Slain by a phantom (4 damage)
             ... on level 4 of the Dungeon.
             The game lasted 00:13:31 (3349 turns).

javelincjr the Changeling (Octopode Shapeshifter)   Turns: 3349, Time: 00:13:31

Health: -2/46      AC:  3    Str: 14    XL:     7   Next: 47%
Magic:  9/9        EV: 14    Int: 16    God:    Qazlal [**....]
Gold:   127        SH:  2    Dex: 11    Spells: 6/6 levels left

rFire   . .          .
                       - Unarmed
rCold   . . .        (no shield)
rNeg    . . .        (helmet currently unavailable)
rPois   .            (no amulet)
rElec   .            q - ring of wizardry
rCorr   .            (no ring)
SInv    .            (no ring)
Will    .....        (no ring)
Stlth   ++           (no ring)
HPRegen 0.27/turn    (no ring)
MPRegen 0.11/turn    (no ring)
                     (no ring)

%: wizardry (x1)
@: mighty, beast-form
A: beast (slay +2), almost no armour, amphibious, 8 rings, camouflage 1,
gelatinous body 1, (nimble swimmer 1), tentacles, iridescent scales 1, clever 1
a: Begin Untransformation, Renounce Religion, Upheaval


You were on level 4 of the Dungeon.
You worshipped Qazlal.
Qazlal was pleased with you.
You were a hulking beast.
You visited 2 branches of the dungeon, and saw 6 of its levels.

You collected 223 gold pieces.
You spent 96 gold pieces at shops.

Inventory:

Hand Weapons
 g - a +1 dagger of electrocution
 k - a +2 hand axe of flaming
 p - a +2 dagger of venom
 s - a +0 war axe of pain
Missiles
 f - 10 poisoned darts
 r - a curare-tipped dart
Jewellery
 q - a ring of wizardry (left tentacle)
Talismans
 b - a beast talisman
 c - a flux talisman
 l - a blade talisman
Wands
 e - a wand of digging (6)
Scrolls
 i - 2 scrolls of blinking
 o - a scroll of revelation
 t - a scroll of enchant armour
Potions
 a - a potion of lignification
 d - a potion of attraction
 h - 2 potions of curing
 m - 2 potions of magic
 n - a potion of ambrosia
 u - a potion of resistance


   Skills:
 + Level 3.3 Fighting
 + Level 3.8 Dodging
 + Level 4.3 Unarmed Combat
 + Level 2.7 Invocations
 * Level 5.1 Shapeshifting


You had 6 spell levels left.
You didn't know any spells.
Your spell library contained the following spells:

 Spells                   Type           Power      Damage    Failure   Level
 Apportation              Tloc           0%         N/A       11%         1
 Necrotise                Necr           0%         1d4       11%         1
 Summon Small Mammal      Summ           0%         N/A       11%         1
 Blink                    Tloc           0%         N/A       16%         2
 Lesser Beckoning         Tloc           0%         N/A       16%         2
 Sublimation of Blood     Necr           0%         N/A       16%         2
 Gell's Gravitas          Tloc           0%         N/A       28%         3
 Teleport Other           Tloc           0%         N/A       28%         3
 Manifold Assault         Tloc           0%         N/A       65%         4
 Petrify                  Tmut/Erth      0%         N/A       65%         4
 Irradiate                Conj/Tmut      0%         3d11      93%         5


Dungeon Overview and Level Annotations

Branches:
Dungeon (5/15)             Temple (1/1) D:4

Altars:
Ashenzari
Cheibriados
Dithmenos
Elyvilon
Fedhas
Gozag
Hepliaklqana
Kikubaaqudgha
Makhleb
Nemelex Xobeh
Okawaru
Qazlal
Sif Muna
Trog
Uskayaw
Xom
Yredelemnul
Zin
The Shining One

Shops:
D:4 !


Innate Abilities, Weirdness & Mutations

You are a hulking beast.
Your limbs bulge with bestial killing power. (Slay +2)
You cannot wear most types of armour.
You are amphibious.
You can wear up to eight rings at the same time.
Your skin changes colour to match your surroundings (Stealth+).
Your rubbery body absorbs attacks. (AC +1, EV +1)
((You are camouflaged when in or above water. (Stealth+)))
You have tentacles for arms and can constrict up to eight enemies at once.
You are partially covered in iridescent scales. (AC +2)
Your mind is acute. (Int +4, Str/Dex -1)


Message History

The jackal closely misses you. The ufetubus hits you.
The ufetubus closely misses you.
You tentacle-slap the jackal. Your grab misses the jackal.
The jackal is severely wounded.
You constrict the jackal.
You kill the jackal!
Qazlal accepts your kill.
You constrict the jackal. The jackal barely misses you.
The jackal bites you but does no damage.
The ufetubus closely misses you. The ufetubus hits you.
You tentacle-slap the jackal.
You kill the jackal!
Qazlal accepts your kill.
You constrict the jackal.
You kill the jackal!
Qazlal accepts your kill.
The ufetubus hits you but does no damage.
The ufetubus barely misses you.
You tentacle-slap the ufetubus. You grab the ufetubus.
You squeeze the ufetubus!
You kill the ufetubus!
Qazlal accepts your kill.
You start resting.
HP restored.
You climb downwards.
The jackal misses you. The ufetubus closely misses you. x2
The ogre hits you with a +0 giant club! The phantom hits you.
The jackal bites you. The phantom hits you. The ufetubus slips past you!
The ufetubus completely misses you. You block the ufetubus's attack.
There is a stone staircase leading up, spattered with blood here.
The jackal barely misses you. The ogre closely misses you.
The ufetubus hits you. x2; The phantom misses you.
The jackal completely misses you.
You climb upwards.
There is a stone staircase leading down, spattered with blood here.
You feel very mighty all of a sudden.
The ufetubus closely misses you. x2; The jackal misses you.
The ogre hits you with a +0 giant club!!
* * * LOW HITPOINT WARNING * * *
The phantom hits you.
You die...

###+####....#####.......#
#.# #
#.................##..#.#
#.# #
#............####.#<..#.#
#.### #.............#
#.....#.# #....
##...###......###...#.#.#
##### #...#
###....##......#.# #...#
#.....#..#####.# #...#
####..OhW......# #...#
#..5h######## ##...#
###### .....# ###### # #


You could see an ogre, a phantom, an ufetubus and a jackal.

Vanquished Creatures
  Duvessa (D:4)
  A kobold brigand (D:3)
  2 scorpions (D:4)
  Dowan (D:4)
  A jelly (D:4)
  2 orc priests (D:4)
  A hound (D:4)
  6 adders
  An ufetubus (D:4)
  2 worms
  6 dart slugs
  7 orcs (D:4)
  5 ball pythons
  7 endoplasms
  2 giant cockroaches (D:2)
  6 goblins
  8 hobgoblins
  7 jackals (D:4)
  2 quokkas (D:1)
  7 bats
  3 frilled lizards
  5 kobolds
  7 rats
90 creatures vanquished.

Notes
Turn   | Place    | Note
-------+----------+-------------------------------------------
     0 | D:1      | javelincjr the Octopode Shapeshifter began the quest for
                  | the Orb.
     0 | D:1      | Reached XP level 1. HP: 13/13 MP: 1/1
    92 | D:1      | Reached XP level 2. HP: 9/18 MP: 2/2
   551 | D:1      | Reached XP level 3. HP: 21/23 MP: 3/3
   878 | D:2      | Found a stormy altar of Qazlal.
   895 | D:2      | Became a worshipper of Qazlal Stormbringer
  1215 | D:2      | Reached XP level 4. HP: 26/29 MP: 4/4
  1878 | D:3      | Found a faded altar of an unknown god.
  2084 | D:3      | Noticed a kobold brigand
  2091 | D:3      | Killed a kobold brigand
  2091 | D:3      | Reached * piety under Qazlal
  2092 | D:3      | Reached skill level 1 in Invocations
  2092 | D:3      | Reached skill level 4 in Shapeshifting
  2092 | D:3      | Reached XP level 5. HP: 26/35 MP: 4/6
  2350 | D:4      | Found Uturiwom's Distillery.
  2382 | D:4      | Bought a potion of mutation for 96 gold pieces
  2388 | D:4      | Gained mutation: You are partially covered in iridescent
                  | scales. (AC +2) [potion of mutation]
  2388 | D:4      | Gained mutation: Your mind is acute. (Int +4, Str/Dex -1)
                  | [potion of mutation]
  2391 | D:4      | Found a sparkling altar of Nemelex Xobeh.
  2398 | D:4      | Found a staircase to the Ecumenical Temple.
  2414 | D:4      | Reached XP level 6. HP: 27/41 MP: 7/7
  2493 | Temple   | Entered the Ecumenical Temple
  2869 | D:4      | Noticed Duvessa
  2869 | D:4      | Noticed Dowan
  2930 | D:4      | Killed Duvessa
  2931 | D:4      | Reached XP level 7. HP: 28/46 MP: 8/8
  2936 | D:4      | Killed Dowan
  3094 | D:4      | Reached ** piety under Qazlal
  3095 | D:4      | Reached skill level 5 in Shapeshifting
  3222 | D:5      | Entered Level 5 of the Dungeon
  3349 | D:4      | HP: 2/46 [ogre/+0 giant club (21)]
  3349 | D:4      | Slain by a phantom

Illustrated notes

Levels and vault maps discovered:
D:1:      minmay_arrival_floating_metal, layout_loops_ring, minmay_pentomino_z2
D:2:      layout_basic, basic_altar, nicolae_eternal_life
D:3:      layout_loops_ring, ebering_ecumenical_altar_hall, minmay_checkerbox
D:4:      layout_basic, nemelex_xobeh_ov_fountains_minmay,
          minmay_temple_entry_mini_moons, serial_shops, shop, uniq_duvessa
D:5:      layout_rooms, minmay_misc_feat_chi, uniq_blork_the_orc
Temple:   mainiacjoe_temple_coin_purse

Skill      XL: |  1  2  3  4  5  6  7 |
---------------+----------------------+-----
Fighting       | 2 3 |  3.3
Invocations    | 1 2 |  2.7
Shapeshifting  | 4 5 |  5.1
Dodging        | 3 |  3.8
Unarmed Combat | 4 |  4.3

Action                     |  1- 3 |  4- 6 |  7- 9 || total
---------------------------+-------+-------+-------++-------
  Melee: Unarmed           |    23 |    94 |    16 ||   133
         Constrict         |    11 |    26 |     5 ||    42
         Tentacles         |     8 |    19 |     6 ||    33
         Punch             |     1 |     4 |       ||     5
         Dagger            |    37 |     7 |       ||    44
    Use: Scroll            |       |     7 |     3 ||    10
         Potion            |       |     2 |     1 ||     3
   Stab: Sleeping          |    10 |     2 |       ||    12
 Armour: Skin              |    23 |    43 |    24 ||    90
  Dodge: Dodged            |    37 |    55 |    35 ||   127
  Block: Other             |       |     3 |     2 ||     5

Table legend: (Time is in decaauts)
 A = Elapsed time spent in this place.
 B = Non-inter-level travel time spent in this place.
 C = Inter-level travel time spent in this place.
 D = Time resting spent in this place.
 E = Time spent auto-exploring this place.
 F = Levels seen in this place.
 G = Mean time per level.
                   A        B        C        D        E       F      G
               +--------+--------+--------+--------+--------+-----+--------+
         Total |   3347 |   3314 |     33 |    251 |   2380 |   6 |  557.8 |
       Dungeon |   3345 |   3312 |     33 |    251 |   2380 |   5 |  669.0 |
        Temple |      1 |      1 |      0 |      0 |      0 |   1 |    1.0 |
               +--------+--------+--------+--------+--------+-----+--------+

Top non-repeatable levels by time:
     D:4: 1015 daAuts
     D:1: 851 daAuts
     D:2: 780 daAuts
     D:3: 689 daAuts
     D:5: 8 daAuts
  Temple: 1 daAuts
